 Dungeon Crawl Stone Soup version 0.28-a0-1638-g9123634e07 (webtiles) character file.

Game seed: 17016652432007876549

100 hashsling the Stinger (level 4, -26/35 HPs)
             Began as a Merfolk Wanderer on Jan 25, 2022.
             Annihilated by an ogre (29 damage)
             ... on level 3 of the Dungeon.
             The game lasted 00:05:46 (2905 turns).

hashsling the Stinger (Merfolk Wanderer)            Turns: 2905, Time: 00:05:48

Health: -26/35     AC:  3    Str: 10    XL:     4   Next: 73%
Magic:  2/7        EV: 13    Int: 13    God:
Gold:   53         SH:  0    Dex: 15    Spells: 2/8 levels left

rFire   . . .      SeeInvis .   k - +0 trident
rCold   . . .      Faith    .   (no shield)
rNeg    . . .      Spirit   .   h - +1 robe "Jilaig" {+Inv}
rPois   .          Reflect  .   (no helmet)
rElec   .          Harm     .   (no cloak)
rCorr   .          Rampage  .   (no gloves)
Will    .....                   (no boots)
Stlth   ++........              (no amulet)
HPRegen 0.11/turn               (no ring)
MPRegen 0.10/turn               (no ring)

@: no status effects
A: (nimble swimmer 2), mertail
a: Evoke Invisibility


You were on level 3 of the Dungeon.
You visited 1 branch of the dungeon, and saw 3 of its levels.

You collected 137 gold pieces.
You spent 84 gold pieces at shops.

Inventory:

Hand Weapons
 k - a +0 trident (weapon)
Armour
 h - the +1 robe "Jilaig" (worn) {+Inv}
   (You found it on level 2 of the Dungeon)

   +Inv:      It lets you turn invisible.
Scrolls
 a - a scroll of enchant weapon {unknown}
 b - a scroll of identify {unknown}
 d - a scroll of amnesia {unknown}
 e - a scroll of summoning {unknown}
 f - 2 scrolls of fog {unknown}
 j - a scroll of brand weapon {unknown}
Potions
 c - 3 potions of attraction {unknown}
 g - a potion of degeneration {unknown}
 i - a potion of curing {unknown}


   Skills:
 + Level 3.1 Fighting
 - Level 1.1 Long Blades
 * Level 1.1 Polearms
 + Level 2.8 Dodging
 - Level 1.1 Stealth
 + Level 2.6 Spellcasting
 + Level 0.4 Transmutations
 + Level 3.9 Poison Magic
 + Level 1.0 Evocations


You had 2 spell levels left.
You knew the following spells:

 Your Spells              Type           Power      Damage    Failure   Level
a - Sting                 Tmut/Pois      28%        1d4       10%         1
b - Poisonous Vapours     Pois/Air       12%        N/A       16%         2
c - Mephitic Cloud        Conj/Pois/Air  5%         N/A       38%         3

Your spell library contained the following spells:

 Spells                   Type           Power      Damage    Failure   Level


Dungeon Overview and Level Annotations

Branches:
Dungeon (3/15)

Altars:
Xom

Shops:
D:2 (


Innate Abilities, Weirdness & Mutations

((You are very nimble when in or above water. (Stealth+, EV+, Speed+++)))
Your lower body shifts to a powerful aquatic tail in water.


Message History

The sting hits the ogre.
The ogre is poisoned.
The ogre is moderately wounded.
Aiming: Sting (safe; 10% risk of failure)
Press: ? - help, Q - select action, (/) - cycle Shift-Dir - straight line, f/p - ogre
Aim: an ogre, wielding a +0 giant club (moderately wounded, poisoned, 85% to hit)
The sting hits the ogre.
The ogre looks even sicker.
The ogre is heavily wounded.
Reach: k) +0 trident
Press: ? - help, Dir - move target, f/p - ogre
Aim: an ogre, wielding a +0 giant club (heavily wounded, very poisoned, about 27% to evade your +0 trident)
You barely miss the ogre.
The ogre is heavily wounded.
The ogre hits you with a +0 giant club!
Reach: k) +0 trident
Press: ? - help, Dir - move target, f/p - ogre
Aim: an ogre, wielding a +0 giant club (heavily wounded, very poisoned, about 27% to evade your +0 trident)
You barely miss the ogre.
The ogre is heavily wounded.
The ogre closely misses you.
Your magical contamination has completely faded away.
Reach: k) +0 trident
Press: ? - help, Dir - move target, f/p - ogre
Aim: an ogre, wielding a +0 giant club (heavily wounded, very poisoned, about 27% to evade your +0 trident)
You hit the ogre.
The ogre is heavily wounded.
The ogre hits you with a +0 giant club!!
Ouch! That really hurt!
* * * LOW HITPOINT WARNING * * *
There is a stone staircase leading up here.
The ogre looks more healthy.
Casting: Sting (safe; 10% risk of failure)
Confirm with . or Enter, or press ? or * to list all spells.
Aiming: Sting (safe; 10% risk of failure)
Press: ? - help, Shift-Dir - straight line, f/p - ogre
Aim: an ogre, wielding a +0 giant club (severely wounded, 85% to hit)
The sting hits the ogre.
The ogre is poisoned.
The ogre is almost dead.
The ogre hits you with a +0 giant club!!
Ouch! That really hurt!
You die...

#..........#
#.......(..#
#.....>....#
.......(...#
...8.....8.##
.......)....#####
.........).......
....#.#.#.#.##########..
......#...<....O@.......
....###.#.#.########....
...................... .
.....................#
....###.#.#.#.##...#
....# #.#.#........#
###.# #.#.###...#### #.#
#...#...#.#
###.#####.#.#.#.#


You could see an ogre (poisoned).

Vanquished Creatures
  A hound skeleton (D:3)
  3 adders (D:2)
  3 worms (D:2)
  2 dart slugs
  5 ball pythons
  4 bats
  7 endoplasms
  A giant cockroach (D:2)
  2 goblins
  3 hobgoblins
  A quokka (D:2)
  5 frilled lizards
  5 kobolds
  7 rats
49 creatures vanquished.

Vanquished Creatures (others)
  80 plants (D:2)
80 creatures vanquished.

Grand Total: 129 creatures vanquished

Notes
Turn   | Place    | Note
-------+----------+-------------------------------------------
     0 | D:1      | hashsling the Merfolk Wanderer began the quest for the Orb.
     0 | D:1      | hashsling set off with the following items: a +1 falchion,
                  | a +0 robe; and the following spell memorised: Sting; and
                  | the following spells available to memorise: Poisonous
                  | Vapours, Mephitic Cloud
     0 | D:1      | Reached XP level 1. HP: 16/16 MP: 3/3
   169 | D:1      | Reached XP level 2. HP: 23/23 MP: 3/5
   704 | D:2      | Reached XP level 3. HP: 28/28 MP: 3/6
   787 | D:2      | Identified the +1 robe "Jilaig" {+Inv}
  1551 | D:2      | Reached XP level 4. HP: 29/31 MP: 3/7
  1589 | D:2      | Found Luihauho's Antique Weapon Shop.
  1593 | D:2      | Learned a level 2 spell: Poisonous Vapours
  1597 | D:2      | Learned a level 3 spell: Mephitic Cloud
  1693 | D:2      | Bought a trident for 84 gold pieces
  1724 | D:2      | Found a shimmering altar of Xom.
  1753 | D:2      | Found a faded altar of an unknown god.
  2833 | D:3      | Reached skill level 1 in Polearms
  2833 | D:3      | Reached skill level 1 in Evocations
  2881 | D:3      | Noticed an ogre
  2890 | D:3      | HP: 1/35 [ogre (25)]
  2905 | D:3      | Annihilated by an ogre

Illustrated notes

Levels and vault maps discovered:
D:1:      minmay_arrival_stone_box, layout_rooms
D:2:      layout_loops_corners, serial_shops, shop_statue, basic_altar,
          chequers_ecumenical_altar_simple, kennysheep_boxes
D:3:      layout_basic, chequers_serial_rivers_room_b, st_stairs_1, uniq_natasha

Skill      XL: |  1  2  3  4 |
---------------+-------------+-----
Dodging        | 2 |  2.8
Fighting       | 3 |  3.1
Polearms       | 1 |  1.1
Evocations     | 1 |  1.0
Long Blades    | |  1.1
Stealth        | |  1.1
Spellcasting   | |  2.6
Transmutations | |  0.4
Poison Magic   | |  3.9

Action                   |  1- 3 |  4- 6 || total
-------------------------+-------+-------++-------
Melee: Falchion          |    59 |     6 ||    65
       Trident           |       |    42 ||    42
 Cast: Sting             |    21 |    22 ||    43
       Poisonous Vapours |       |     3 ||     3
 Stab: Sleeping          |     2 |     1 ||     3
Armor: Robe              |    12 |     7 ||    19
Dodge: Dodged            |    48 |    17 ||    65

Table legend: (Time is in decaauts)
 A = Elapsed time spent in this place.
 B = Non-inter-level travel time spent in this place.
 C = Inter-level travel time spent in this place.
 D = Time resting spent in this place.
 E = Time spent auto-exploring this place.
 F = Levels seen in this place.
 G = Mean time per level.
                   A        B        C        D        E       F      G
               +--------+--------+--------+--------+--------+-----+--------+
         Total |   2932 |   2856 |     76 |      0 |   2469 |   3 |  977.3 |
       Dungeon |   2932 |   2856 |     76 |      0 |   2469 |   3 |  977.3 |
               +--------+--------+--------+--------+--------+-----+--------+

Top non-repeatable levels by time:
     D:2: 2040 daAuts
     D:1: 702 daAuts
     D:3: 189 daAuts
